 Dungeon Crawl Stone Soup version 0.24.1-14-gf8d2b509d9 (webtiles) character file.

Game seed: 12179756639521886572, levelgen mode: deterministic

1283 tkbsonic5 the Magician (level 8, -4/41 HPs)
             Began as a Deep Elf Wizard on Dec 3, 2022.
             Was a Follower of Qazlal.
             Slain by a killer bee (5 damage)
             ... on level 9 of the Dungeon.
             The game lasted 00:44:22 (6893 turns).

tkbsonic5 the Magician (Deep Elf Wizard)            Turns: 6893, Time: 00:44:22

Health: -4/41      AC:  4    Str:  6    XL:     8   Next: 29%
Magic:  3/18       EV: 16    Int: 26    God:    Qazlal [*.....]
Gold:   323        SH:  2    Dex: 13    Spells: 1/21 levels left

rFire    . . .     SeeInvis .   n - +1 falchion (flame)
rCold    . . .     Gourm    .   (no shield)
rNeg     . . .     Faith    .   a - +0 robe
rPois    .         Spirit   .   b - +0 hat
rElec    .         Reflect  .   g - +0 cloak
rCorr    .         Harm     .   y - +0 pair of gloves
MR       .....                  (no boots)
Stlth    +++.......             (no amulet)
HPRegen  0.13/turn              w - ring of stealth
MPRegen  0.16/turn              z - +3 ring of evasion

@: no status effects
A: horns 1, low mp 1, strong 1, wild magic 1
a: Renounce Religion


You were on level 9 of the Dungeon.
You worshipped Qazlal.
Qazlal was aware of your devotion.
You were not hungry.

You visited 2 branches of the dungeon, and saw 10 of its levels.

You collected 323 gold pieces.

Inventory:

Hand Weapons
 f - a +0 short sword
 k - a +0 short sword
 n - a +1 falchion of flaming (weapon)
 p - a +4 hand axe
 x - a +0 falchion
 B - a +0 rapier
Missiles
 o - 3 boomerangs
 s - a poisoned dart (quivered)
Armour
 a - a +0 robe (worn)
 b - a +0 hat (worn)
 g - a +0 cloak (worn)
 r - a cursed +0 helmet
 y - a +0 pair of gloves (worn)
Jewellery
 w - a ring of stealth (left hand)
 z - a +3 ring of evasion (right hand)
Wands
 q - a wand of digging (4)
 u - a wand of polymorph (7)
Scrolls
 l - 2 scrolls of remove curse
Potions
 c - 6 potions of curing
 e - a potion of mutation
 h - 2 potions of heal wounds
 i - 2 potions of ambrosia
 j - 2 potions of lignification
 t - 3 potions of brilliance
 v - 2 potions of cancellation {unknown}
Comestibles
 d - 5 rations


   Skills:
 - Level 2.4 Dodging
 + Level 3.4 Stealth
 * Level 7.1 Spellcasting
 * Level 4.6 Conjurations
 * Level 4.8 Hexes
 * Level 3.2 Summonings
 + Level 3.1 Translocations
 * Level 3.3 Fire Magic
 + Level 0.4 Ice Magic
 + Level 1.6 Air Magic
 + Level 2.7 Poison Magic
 + Level 0.6 Invocations
 + Level 2.0 Evocations


You had one spell level left.
You knew the following spells:

 Your Spells              Type           Power        Failure   Level  Hunger
a - Magic Dart            Conj           ####         1%          1    None
b - Call Imp              Summ           ####....     4%          2    None
c - Blink                 Tloc           N/A          4%          2    None
d - Slow                  Hex            #####...     2%          2    None
e - Mephitic Cloud        Conj/Pois/Air  ####....     9%          3    None
f - Conjure Flame         Conj/Fire      #####...     6%          3    None
g - Ensorcelled Hibernat  Hex/Ice        ####..       5%          2    None
h - Summon Mana Viper     Hex/Summ       #####...     41%         5    #####..

Your spell library contained the following spells:

 Spells                   Type           Power        Failure   Level  Hunger
 Ice Form                 Ice/Tmut       ##......     58%         4    ###....


Dungeon Overview and Level Annotations

Branches:
Dungeon (9/15)             Temple (1/1) D:4
   Lair: D:8-11         Orc: D:9-12

Altars:
Cheibriados
Dithmenos
Elyvilon
Fedhas
Gozag
Hepliaklqana
Kikubaaqudgha
Makhleb
Nemelex Xobeh
Okawaru
Qazlal
Ru
Sif Muna
Trog
Uskayaw
Vehumet
Wu Jian
Xom
Yredelemnul
The Shining One

Annotations:
D:7 Joseph


Innate Abilities, Weirdness & Mutations

You have a pair of small horns on your head.
Your magical capacity is low. (-10% MP)
Your muscles are strong. (Str +2)
Your spells are a little harder to cast, but a little more powerful.


Message History

You blink.
Casting: Blink (safe; 4% risk of failure)
Confirm with . or Enter, or press ? or * to list all spells.
You blink.
Found a ring mail.
As you read the scroll labeled TYTOUKL WETSU, it crumbles to dust.
You feel aware of your surroundings.
You sensed 1 shop/portal.
It was a scroll of magic mapping.
The killer bee stings you but does no damage.
Okay, then.
Okay, then.
Evoke which item? (* to show all) (? for menu, Esc to quit)
Aiming: Polymorph
Press: ? - help, Shift-Dir - straight line, f - killer bee
Aim: a killer bee (chance to defeat MR: 61%)
The killer bee resists with significant effort.
The killer bee stings you.
* * * LOW HITPOINT WARNING * * *
The killer bee barely misses you. The killer bee stings you.
You die...

,,* *,*,,,∩≈≈...........#
,,* *,**≈≈≈≈≈...........#
,,* *,***≈≈≈............#
,,* *,* **#.............#
,,* *,* #.............# ,,*
*,* #.............# ,,* *,*
#.[...........# ,,* *,*
#...☼yF.......# ,,* *,*
#...@yy.......# ,,* *,*
#..☼yyyl.....y# ,,* *,*
#.............#
,,*****,****#............§#
,,,,,,,,,,,.......$.......#
**********#################


You could see a wyvern, a bullfrog and 6 killer bees.

Vanquished Creatures
  2 phantoms
  A centaur (D:5)
  A bullfrog (D:3)
  2 howler monkeys
  2 wights (D:7)
  A vampire bat (D:4)
  3 iron imps (D:5)
  An orc wizard (D:5)
  An orc priest (D:4)
  A hound (D:5)
  Jessica (D:3)
  A worker ant (D:6)
  A hound skeleton (D:4)
  5 adders
  A shadow imp (D:6)
  An adder skeleton (D:4)
  An adder zombie (D:5)
  2 worms (D:4)
  4 dart slugs
  2 fire bats (D:4)
  5 leopard geckos
  8 orcs
  A spectral bat (D:4)
  13 bats
  3 bat skeletons (D:4)
  A bat zombie (D:4)
  5 giant cockroaches
  7 goblins
  9 hobgoblins
  2 jackals (D:2)
  5 quokkas
  A bat simulacrum (D:4)
  6 frilled lizards
  4 kobolds
  A leopard gecko skeleton (D:6)
  2 rats
107 creatures vanquished.

Vanquished Creatures (collateral kills)
  An orc warrior (D:6)
  An ogre (D:6)
  2 bullfrogs (D:6)
  A scorpion (D:6)
  A centaur zombie (D:6)
  An orc wizard (D:6)
  A centaur skeleton (D:4)
  A worker ant (D:6)
  A hound zombie (D:6)
  3 adders
  An ooze (D:3)
  A worm (D:3)
  A fire bat (D:4)
  A spectral bat (D:4)
  5 bats
  3 giant cockroaches
  2 goblins
  5 hobgoblins
  A jackal (D:2)
  2 frilled lizards
  2 rats (D:1)
37 creatures vanquished.

Vanquished Creatures (others)
  2 fungi (D:7)
2 creatures vanquished.

Grand Total: 146 creatures vanquished

Notes
Turn   | Place    | Note
-------+----------+-------------------------------------------
     0 | D:1      | tkbsonic5 the Deep Elf Wizard began the quest for the Orb.
     0 | D:1      | Reached XP level 1. HP: 10/10 MP: 7/7
   209 | D:1      | Reached XP level 2. HP: 10/15 MP: 7/9
   213 | D:1      | Learned a level 2 spell: Call Imp
   216 | D:1      | Learned a level 2 spell: Blink
   219 | D:1      | Learned a level 2 spell: Slow
   807 | D:2      | Reached skill level 5 in Spellcasting
   820 | D:2      | Reached skill level 1 in Hexes
   820 | D:2      | Reached XP level 3. HP: 19/19 MP: 0/11
  1134 | D:2      | Found a blossoming altar of Fedhas.
  1396 | D:2      | Learned a level 3 spell: Mephitic Cloud
  1412 | D:2      | Gained mutation: Your muscles are strong. (Str +2) [potion
                  | of mutation]
  1412 | D:2      | Gained mutation: You have a pair of small horns on your
                  | head. [potion of mutation]
  1412 | D:2      | Gained mutation: Your magical capacity is low. (-10% MP)
                  | [potion of mutation]
  1412 | D:2      | Gained mutation: Your spells are a little harder to cast,
                  | but a little more powerful. [potion of mutation]
  1729 | D:2      | Found a glowing golden altar of the Shining One.
  1825 | D:3      | Reached XP level 4. HP: 24/24 MP: 1/12
  2102 | D:3      | Noticed Jessica
  2110 | D:3      | Killed Jessica
  2152 | D:3      | Learned a level 3 spell: Conjure Flame
  2262 | D:3      | Reached XP level 5. HP: 27/28 MP: 11/13
  2428 | D:3      | Reached skill level 1 in Fire Magic
  2870 | D:3      | Found an ancient bone altar of Kikubaaqudgha.
  2906 | D:4      | Found a snail-covered altar of Cheibriados.
  2958 | D:4      | Identified the Collected Works on Enthralling Shape
                  | Shifting
  3015 | D:4      | Reached skill level 1 in Poison Magic
  3231 | D:4      | Found a staircase to the Ecumenical Temple.
  3243 | Temple   | Entered the Ecumenical Temple
  3275 | Temple   | Became a worshipper of Qazlal Stormbringer
  3444 | D:4      | Reached XP level 6. HP: 32/32 MP: 8/15
  3448 | D:4      | Learned a level 2 spell: Ensorcelled Hibernation
  3622 | D:4      | Found a hide-covered altar of Uskayaw.
  3682 | D:4      | Reached skill level 6 in Spellcasting
  4110 | D:4      | Found a shimmering blue altar of Sif Muna.
  4141 | D:5      | Entered Level 5 of the Dungeon
  4149 | D:5      | Reached skill level 1 in Evocations
  4332 | D:5      | Found a burning altar of Makhleb.
  4339 | D:5      | Reached * piety under Qazlal
  4348 | D:5      | Found an ornate altar of the Wu Jian Council.
  4368 | D:5      | Reached skill level 1 in Air Magic
  4368 | D:5      | Reached XP level 7. HP: 34/36 MP: 5/16
  4449 | D:5      | Found a burning altar of Makhleb.
  5477 | D:6      | Reached XP level 8. HP: 41/41 MP: 6/18
  5485 | D:6      | Learned a level 5 spell: Summon Mana Viper
  6074 | D:7      | Noticed Joseph
  6208 | D:6      | Reached skill level 7 in Spellcasting
  6887 | D:8      | HP: 1/41 [wyvern (9)]
  6893 | D:9      | HP: 1/41 [killer bee (1)]
  6893 | D:9      | Slain by a killer bee

Levels and vault maps discovered:
D:1:      lightli_arrival_windingriver, layout_rooms
D:2:      layout_loops_ring, tso_oasis_becter, lemuel_crystal_altar,
          first_ration
D:3:      layout_loops_ring, lemuel_coloured_pillars_altar,
          kennysheep_jessica_study
D:4:      layout_rooms, kennysheep_slug_shrine, lemuel_blue_sif_altar,
          marbit_many_paths, minmay_temple_entry_statues_fountains,
          goddamned_bats
D:5:      layout_basic, demons_altar, overflow_temple_1_default, basic_altar
D:6:      layout_basic, nicolae_ossuary_entry_false_entrances
D:7:      cheibrodos_barr_body, layout_rooms, old_standard_altar, the_bakery,
          uniq_joseph, uniq_crazy_yiuf_cottage, uniq_harold
D:8:      layout_rooms, lemuel_round_altar
D:9:      layout_long_grid, serial_shops, nicolae_shop_waterfront,
          kennysheep_generic_room_9
Temple:   minmay_temple_bridge_abc

Skill      XL: |  1  2  3  4  5  6  7  8 |
---------------+-------------------------+-----
Conjurations   | 2 3 4 |  4.6
Spellcasting   | 5 6 7 |  7.1
Hexes          | 1 2 3 4 |  4.8
Summonings     | 2 3 |  3.2
Fire Magic     | 1 2 3 |  3.3
Translocations | 2 3 |  3.1
Poison Magic   | 1 2 |  2.7
Evocations     | 1 2 |  2.0
Air Magic      | 1 |  1.6
Stealth        | 3 |  3.4
Dodging        | |  2.4
Ice Magic      | |  0.4
Invocations    | |  0.6

Action                   |  1- 3 |  4- 6 |  7- 9 || total
-------------------------+-------+-------+-------++-------
Melee: Unarmed           |     3 |       |       ||     3
       Falchion          |     6 |     4 |    11 ||    21
       Short sword       |     2 |       |       ||     2
       Headbutt          |       |     2 |     4 ||     6
Throw: Dart              |       |     2 |     2 ||     4
 Cast: Magic Dart        |    74 |   135 |   116 ||   325
       Call Imp          |    17 |    14 |    27 ||    58
       Slow              |     9 |     7 |     3 ||    19
       Blink             |     5 |     2 |    10 ||    17
       Mephitic Cloud    |     1 |     3 |     1 ||     5
       Conjure Flame     |       |     3 |     7 ||    10
Evoke: Wand              |       |       |     1 ||     1
  Use: Scroll            |     4 |     4 |    15 ||    23
       Potion            |     4 |       |     9 ||    13
  Eat: Ration            |     2 |     2 |     2 ||     6
Armor: Robe              |    15 |    18 |     5 ||    38
       Skin              |     3 |       |       ||     3
Dodge: Dodged            |    25 |    46 |    39 ||   110
Block: Other             |       |       |     2 ||     2
       Rpst.: Falchion   |     4 |    12 |    17 ||    33
